 Dungeon Crawl Stone Soup version 0.30-a0-304-gdc4b735fe1 (webtiles) character file.

Game seed: 422920466843525653

551538 slphil the Merfolkian Blade (level 26, -1/220 HPs)
             Began as a Merfolk Gladiator on Oct 20, 2022.
             Was the Champion of Trog.
             Killed from afar by an acid blob (13 damage)
             ... with a splash of acid
             ... on level 3 of the Pits of Slime.
             The game lasted 03:01:25 (59479 turns).

slphil the Merfolkian Blade (Merfolk Gladiator)    Turns: 59479, Time: 03:01:25

Health: -1/220     AC: 24    Str: 29    XL:     26   Next: 33%
Magic:  23/23      EV: 33    Int: 17    God:    Trog [******]
Gold:   4080       SH:  5    Dex: 32    Spells: 25/25 levels left

rFire   + + +      SeeInvis .    a - +4 triple sword (flame)
rCold   + . .      Faith    .    (shield currently unavailable)
rNeg    + + +      Spirit   .    m - +3 storm dragon scales "Mihus" {rElec rF++ rCorr Str+4 Dex-5}
rPois   +          Reflect  +    b - -2 hat of the Alchemist {rElec rPois rF+ rC+ rN+ Will+ rMut rCorr}
rElec   +          Harm     .    w - +5 cloak of the Bells {rC- Int+3}
rCorr   +          Rampage  .    o - +2 pair of gloves of Xayji {rPois}
rMut    +          Clarity  +    D - +0 pair of boots "Ygegrupp" {rN+ Will+ Int+3 Stlth+}
Will    +++++                    l - amulet "Qigacw" {Reflect rElec Str+6 Int+2 SH+5}
Stlth   ++++++....               v - ring of the Threshing Madman {rPois rN+ Will+ Dex+6}
HPRegen 0.56/turn                L - ring of the Raven {+Blink Will+ Str+4 Dex+6}
MPRegen 0.18/turn

@: corroded
A: (nimble swimmer 2), mertail, clarity, cold resistance 1
}: 3/15 runes: serpentine, barnacled, silver
a: Renounce Religion, Evoke Blink, Berserk, Trog's Hand, Brothers in Arms


You were on level 3 of the Pits of Slime.
You worshipped Trog.
Trog was exalted by your worship.
You visited 11 branches of the dungeon, and saw 51 of its levels.
You also visited: Sewer.

You collected 8184 gold pieces.
You spent 4104 gold pieces at shops.

Inventory:

Hand Weapons
 a - a +4 triple sword of flaming (weapon)
 Z - a +3 triple sword of holy wrath
Missiles
 c - 10 silver boomerangs (quivered)
 d - 7 throwing nets
 e - a silver javelin
 q - 31 boomerangs
 z - 7 javelins
Armour
 b - the -2 hat of the Alchemist (worn) {rElec rPois rF+ rC+ rN+ Will+ rMut rCorr}
   (You bought it in a shop on level 1 of the Elven Halls)

   rF:        It protects you from fire.
   rC:        It protects you from cold.
   rElec:     It insulates you from electricity.
   rPois:     It protects you from poison.
   rN:        It protects you from negative energy.
   rCorr:     It protects you from acid and corrosion.
   rMut:      It protects you from mutation.
   Will:      It increases your willpower.
 m - the +3 storm dragon scales "Mihus" (worn) {rElec rF++ rCorr Str+4 Dex-5}
   (You found it on level 3 of the Elven Halls)

   Str:       It affects your strength (+4).
   Dex:       It affects your dexterity (-5).
   rF:        It greatly protects you from fire.
   rElec:     It insulates you from electricity.
   rCorr:     It protects you from acid and corrosion.
 o - the +2 pair of gloves of Xayji (worn) {rPois}
   (You found it on level 6 of the Dungeon)

   rPois:     It protects you from poison.
 w - the +5 cloak of the Bells (worn) {rC- Int+3}
   (You bought it in a shop on level 1 of the Elven Halls)

   Int:       It affects your intelligence (+3).
   rC:        It makes you vulnerable to cold.
 y - a +4 troll leather armour {Snorg}
 D - the +0 pair of boots "Ygegrupp" (worn) {rN+ Will+ Int+3 Stlth+}
   (You bought it in a shop on level 2 of the Shoals)

   Int:       It affects your intelligence (+3).
   rN:        It protects you from negative energy.
   Will:      It increases your willpower.
   Stlth:     It makes you more stealthy.
 S - the +2 pair of boots "Damnable Contraption" {+Inv rPois Dex-4 Stlth+}
   (You found it on level 3 of the Elven Halls)

   Dex:       It affects your dexterity (-4).
   rPois:     It protects you from poison.
   +Inv:      It lets you turn invisible.
   Stlth:     It makes you more stealthy.
Jewellery
 l - the amulet "Qigacw" (around neck) {Reflect rElec Str+6 Int+2 SH+5}
   (You found it on level 3 of the Elven Halls)

   [amulet of reflection]

   It reflects blocked missile attacks.
   Str:       It affects your strength (+6).
   Int:       It affects your intelligence (+2).
   rElec:     It insulates you from electricity.
   SH:        It affects your SH (+5).
 n - the ring of the Two Names {rPois rF+ Int-5 Dex+7}
   (You bought it in a shop on level 2 of the Orcish Mines)

   [ring of protection from fire]

   Int:       It affects your intelligence (-5).
   Dex:       It affects your dexterity (+7).
   rF:        It protects you from fire.
   rPois:     It protects you from poison.
 v - the ring of the Threshing Madman (left hand) {rPois rN+ Will+ Dex+6}
   (You found it on level 1 of the Snake Pit)

   [ring of dexterity]

   Dex:       It affects your dexterity (+6).
   rPois:     It protects you from poison.
   rN:        It protects you from negative energy.
   Will:      It increases your willpower.
 L - the ring of the Raven (right hand) {+Blink Will+ Str+4 Dex+6}
   (You found it on level 3 of the Elven Halls)

   [ring of dexterity]

   Str:       It affects your strength (+4).
   Dex:       It affects your dexterity (+6).
   +Blink:    It lets you blink.
   Will:      It increases your willpower.
 R - the amulet "Haoserob" {rPois Will+ Regen+ Int-2 Dex+2 Stlth+}
   (You found it on level 4 of the Vaults)

   [amulet of regeneration]

   Int:       It affects your intelligence (-2).
   Dex:       It affects your dexterity (+2).
   rPois:     It protects you from poison.
   Regen:     It increases your rate of health regeneration.
   Will:      It increases your willpower.
   Stlth:     It makes you more stealthy.
 Y - a ring of see invisible
Wands
 g - a wand of paralysis (22)
 t - a wand of polymorph (17)
 O - a wand of digging (13)
 T - a wand of roots (24)
 V - a wand of mindburst (13)
 X - a wand of quicksilver (9)
Scrolls
 h - 13 scrolls of butterflies
 k - 6 scrolls of fear
 p - 2 scrolls of poison
 r - 3 scrolls of magic mapping
 x - a scroll of brand weapon
 B - 3 scrolls of summoning
 G - 26 scrolls of teleportation
 H - 3 scrolls of immolation
 K - 7 scrolls of silence
Potions
 f - 18 potions of curing
 i - 6 potions of haste
 u - 5 potions of lignification
 C - 2 potions of heal wounds
 F - 6 potions of magic
 I - 15 potions of might
 M - 10 potions of flight
 N - 4 potions of ambrosia
 P - 3 potions of invisibility
 Q - 4 potions of resistance
 U - 5 potions of berserk rage
Miscellaneous
 j - a lightning rod (4/4)
 E - a box of beasts
 J - a condenser vane
 W - the horn of Geryon


   Skills:
 - Level 20.6 Fighting
 - Level 24.8 Long Blades
 - Level 19.2 Throwing
 * Level 12.4 Armour
 - Level 24.3 Dodging
 - Level 19.7 Stealth
 - Level 13.5 Evocations


You had 25 spell levels left.
You didn't know any spells.
Your spell library was empty.

Dungeon Overview and Level Annotations

Branches:
Dungeon (15/15)            Temple (0/1) D:5            Lair (5/5) D:10
 Shoals (4/4) Lair:3        Snake (4/4) Lair:3        Slime (5/5) Lair:4
    Orc (2/2) D:9             Elf (3/3) Orc:2        Vaults (5/5) D:13
  Crypt (3/3) Vaults:2       Tomb (0/3) Crypt:3      Depths (4/4) D:15
   Hell (visited)             Dis (0/7) Hell            Geh (0/7) Hell
    Coc (0/7) Hell            Tar (0/7) Hell            Zot (0/5) Depths:4
  Sewer (visited)

Altars:
Ashenzari
Dithmenos
Elyvilon
Fedhas
Gozag
Hepliaklqana
Kikubaaqudgha
Makhleb
Nemelex Xobeh
Qazlal
Sif Muna
Trog
Vehumet
Wu Jian
Xom
Yredelemnul
Zin
The Shining One
Jiyva

Shops:
D:2 =   D:6 *   D:14 :   Orc:1 *   Orc:2 ==[[?   Elf:1 [:[[   Elf:2 :[
Shoals:1 (   Shoals:2 [   Shoals:3 :   Vaults:4 =   Vaults:5 [=(!   Depths:1 *

Portals:
Hell: Depths:1 Depths:2 Depths:3 Depths:4
Abyss: Depths:3
Pandemonium: Depths:1 Depths:2 Depths:3
Ziggurat: Depths:3
Trove: Vaults:1 (show abyssal rune of Zot)

Annotations:
Shoals:3 2 transporters, Caomyemp's ghost, journeyman DsEE
Elf:1 6 runed translucent doors
Vaults:1 2 transporters
Depths:1 exclusion: orange crystal statue


Innate Abilities, Weirdness & Mutations

((You are very nimble when in or above water. (Stealth+, EV+, Speed+++)))
Your lower body shifts to a powerful aquatic tail in water.
You possess an exceptional clarity of mind.
Your flesh is cold resistant. (rC+)


Message History

Throw: 11 boomerangs (silver)
Press: ? - help, Q - select action, (/) - cycle Shift-Dir - straight line, f - acid blob
Aim: an acid blob (92% to hit)
You throw a silver boomerang.
The silver boomerang hits the acid blob!!!
The acid blob is heavily wounded.
Throw: 11 boomerangs (silver)
Press: ? - help, Q - select action, (/) - cycle Shift-Dir - straight line, f/p - acid blob
Aim: an acid blob (heavily wounded, 92% to hit)
You throw a silver boomerang.
The silver boomerang hits the acid blob.
The acid blob is severely wounded.
The acid blob spits acid at you. The splash of acid hits you! You resist.
* * * LOW HITPOINT WARNING * * *
The acid corrodes you!
Throw: 11 boomerangs (silver)
Press: ? - help, Q - select action, (/) - cycle Shift-Dir - straight line, f/p - acid blob
Aim: an acid blob (heavily wounded, 92% to hit)
You throw a silver boomerang.
The silver boomerang hits the acid blob!
The acid blob is severely wounded.
The acid blob spits acid at you. The splash of acid hits you! You resist.
* * * LOW HITPOINT WARNING * * *
Throw: 11 boomerangs (silver)
Press: ? - help, Q - select action, (/) - cycle Shift-Dir - straight line, f/p - acid blob
Aim: an acid blob (severely wounded, 92% to hit)
You throw a silver boomerang.
The silver boomerang hits the acid blob.
The acid blob is almost dead.
Throw: 10 boomerangs (silver)
Press: ? - help, Q - select action, (/) - cycle Shift-Dir - straight line, f/p - acid blob
Aim: an acid blob (almost dead, 92% to hit)
You throw a silver boomerang.
The silver boomerang hits the acid blob but does no damage.
The acid blob is almost dead.
The acid blob spits acid at you. The splash of acid hits you! You resist.
You die...

##.#...........#
#..............##.
...#.#.#............
....#.##...........#
.#..................#
#......#......<....#.
#..........#....###
###.............##..#
#....J.....@.........#
................... ##
..............#....
..#...............
....##.............#
##. #.............
#.#.##........#
#........#.#...#
#..........#....


You could see an acid blob.

Vanquished Creatures
  the Royal Jelly (Slime:5)
  A dread lich (Crypt:3)
  Mara (Vaults:4)
  Sojobo (Crypt:3)
  The ghost of Uroast the Impregnable, a veteran MiGl of Hepliaklqana (Crypt:2)
  3 shard shrikes (Depths:3)
  Margery (Crypt:2)
  Bai Suzhen (Snake:4)
  Frederick (Vaults:4)
  Xtahua (Depths:4)
  Geryon (Hell)
  2 golden dragons
  the Enchantress (Depths:4)
  Nikola (Snake:1)
  A hellephant (Depths:1)
  4 tentacled monstrosities (Vaults:5)
  Zenata (Vaults:4)
  6 liches
  A quicksilver dragon (Vaults:5)
  Asterion (Snake:2)
  4 deep elf master archers (Elf:3)
  12 acid blobs
  2 deep elf blademasters (Elf:3)
  3 titans (Vaults:5)
  4 sphinxes
  2 krakens (Shoals:1)
  6 ancient champions
  8 shadow dragons
  9 azure jellies
  Agnes (Snake:4)
  7 storm dragons
  17 nagarajas
  Donald (Vaults:1)
  5 tengu reavers
  A draconian monk (Depths:4)
  A revenant (Crypt:2)
  9 rockslimes
  4 deep elf sorcerers
  8 fire giants
  A draconian scorcher (Depths:4)
  11 frost giants
  Louise (Snake:4)
  3 orc warlords
  An iron dragon (Vaults:5)
  A caustic shrike zombie (Crypt:3)
  19 vault wardens
  15 ironbound preservers
  6 quicksilver oozes
  3 deep elf elementalists (Elf:3)
  Aizul (Snake:4)
  15 very ugly things
  4 curse skulls
  A draconian annihilator (Depths:4)
  3 spriggan defenders (Depths:4)
  4 ghouls
  8 stone giants
  2 war gargoyles
  6 ironbound thunderhulks
  6 reapers
  2 green draconians (Depths:4)
  9 vampire knights
  9 deep elf demonologists
  2 black draconians (Depths:4)
  5 deep elf annihilators
  A red draconian (Depths:4)
  Nessos (D:14)
  A lorocyproca (Hell)
  A white draconian (Depths:4)
  Azrael (D:13)
  A wendigo (Hell)
  2 spark wasps (Depths:4)
  3 dire elephants
  A blizzard demon (Depths:2)
  8 deep elf death magi
  8 eidola
  15 fire dragons
  A merfolk javelineer (Shoals:4)
  Josephine (D:10)
  A mummy priest (Crypt:3)
  6 deep elf high priests
  2 crystal guardians (Vaults:4)
  17 ettins
  5 merfolk impalers
  7 great orbs of eyes
  2 iron golems
  4 jiangshi (Crypt:1)
  2 spriggan zombies (Crypt:3)
  3 hell beasts
  2 salamander tyrants (Snake:4)
  33 vault guards
  5 rakshasas
  16 yaktaur captains
  4 hydras
  4 peacekeepers
  A caustic shrike simulacrum (Hell)
  5 ironbound frosthearts
  4 anacondas
  11 ice dragons
  A hydra (shapeshifter) (Vaults:5)
  2 spriggan air magi
  2 death knights (Crypt:1)
  2 ogre magi
  16 naga warriors
  A fenstrider witch skeleton (Crypt:1)
  3 catoblepae
  4 tengu warriors
  An alligator snapping turtle (Shoals:1)
  17 centaur warriors
  6 hell hogs
  9 two-headed ogres
  2 boulder beetles
  3 merfolk avatars
  2 merfolk aquamancers
  8 satyrs
  22 dancing weapons
  11 death yaks
  4 deep troll shamans
  7 deep troll earth magi
  2 vampire magi
  3 spriggan berserkers
  12 naga sharpshooters
  5 shock serpents
  5 soul eaters
  13 skeletal warriors
  12 hell knights
  12 sun demons
  A titan skeleton (Hell)
  The ghost of sscrono2 the Martial Artist, a novice OpDe of Hepliaklqana (D:9)
  6 iron trolls
  2 salamander mystics
  8 deep elf knights
  A golden dragon zombie (Depths:1)
  A spark wasp zombie (Depths:1)
  35 deep trolls
  4 glowing orange brains
  A goliath frog (shapeshifter) (Vaults:5)
  2 iron giant zombies (Crypt:3)
  13 sea snakes
  A flayed ghost (Crypt:2)
  A glowing orange brain (shapeshifter) (Depths:3)
  A bunyip zombie (Crypt:3)
  22 ironbound convokers
  7 naga ritualists
  14 wizards
  19 deep elf pyromancers
  9 deep elf archers
  8 lindwurms
  A spriggan simulacrum (Depths:3)
  21 necromancers
  2 anaconda skeletons
  15 phantasmal warriors
  12 mana vipers
  Pikel (D:7)
  34 ugly things
  4 cyclopes
  19 deep elf zephyrmancers
  A fire giant zombie (Depths:1)
  11 orc knights
  20 harpies
  3 shining eyes
  3 oklob plants
  3 orc sorcerers
  An iron dragon zombie (Crypt:2)
  A stone giant zombie (Crypt:1)
  2 cyclopes (shapeshifter) (Vaults:5)
  11 manticores
  A frost giant skeleton (Crypt:1)
  24 fauns
  A moth of wrath (shapeshifter) (Vaults:5)
  9 salamanders
  23 elephants
  A fire giant skeleton (Depths:1)
  A sphinx skeleton (Depths:1)
  37 black mambas
  An alligator snapping turtle zombie (Crypt:3)
  5 water nymphs
  A moth of wrath (Orc:1)
  8 merfolk sirens
  2 eyes of devastation
  3 molten gargoyles (Hell)
  7 guardian serpents (Snake:4)
  A torpor snail (Lair:5)
  2 gargoyles
  A rust devil (Hell)
  6 cane toads
  11 smoke demons
  13 naga magi
  19 vault sentinels
  2 centaur skeletons (Crypt:3)
  An orange demon (D:15)
  An alligator snapping turtle skeleton (Crypt:3)
  A naga skeleton (Crypt:3)
  A kobold demonologist (D:10)
  3 hellions (Hell)
  A bunyip simulacrum (Hell)
  5 freezing wraiths
  An unseen horror (D:10)
  13 hellwings (Crypt:3)
  6 komodo dragons
  30 yaktaurs
  7 tengu conjurers
  2 anaconda simulacra
  A spark wasp simulacrum (Depths:1)
  4 polar bears
  3 red devils
  20 merfolk
  3 harpy zombies
  A meliai (D:15)
  A hydra zombie (Hell)
  10 trolls
  2 hydra skeletons
  5 wind drakes
  2 raiju (shapeshifter)
  7 snapping turtles
  64 slime creatures
  31 dream sheep
  A sphinx simulacrum (Depths:3)
  A frost giant simulacrum (Depths:1)
  4 ettin zombies (Crypt:3)
  3 harpy skeletons
  A fire giant simulacrum (Depths:3)
  10 blink frogs
  2 spriggans (Depths:4)
  2 vampires
  5 flying skulls (Crypt:1)
  13 wraiths
  50 yaks
  A black mamba zombie (Crypt:3)
  2 shadows (D:9)
  7 air elementals
  A dire elephant simulacrum (Hell)
  6 wyverns
  A basilisk (D:14)
  3 golden eyes (Slime:4)
  11 water elementals
  2 chaos spawn (D:15)
  A neqoxec (D:15)
  6 fire elementals
  4 steam dragons
  18 vampire mosquitoes
  Edmund (D:5)
  A harpy simulacrum (Hell)
  A faun zombie (Crypt:1)
  A water nymph zombie (Crypt:2)
  Duvessa (D:7)
  2 naga zombies (Crypt:3)
  A two-headed ogre zombie (D:9)
  39 nagas
  A warg (Vaults:5)
  11 water moccasins
  3 acid dragons
  2 sky beasts
  4 hell hounds (D:13)
  9 ogres
  49 orc warriors
  6 black bears
  2 ice beasts
  An ettin simulacrum (Hell)
  23 wolves
  8 boggarts
  3 phantoms
  16 centaurs
  2 lemures (D:7)
  4 kobold brigands
  A vine stalker zombie (Crypt:1)
  An elf zombie (Crypt:2)
  12 bullfrogs
  An earth elemental (Elf:1)
  3 necrophages
  A gnoll sergeant (Orc:2)
  A yaktaur zombie (Crypt:2)
  2 naga simulacra (Hell)
  A glowing shapeshifter simulacrum (Depths:1)
  A scorpion (D:5)
  11 wyvern skeletons (Crypt:3)
  9 wights (D:7)
  Dowan (D:7)
  2 troll zombies (D:9)
  9 killer bees (D:7)
  A spriggan skeleton (Crypt:2)
  A polar bear skeleton (Crypt:2)
  2 electric eels
  10 howler monkeys
  20 orc priests
  6 jellies
  Crazy Yiuf (D:2)
  A hound (D:5)
  2 gnoll boudas
  Jessica (D:2)
  2 iguanas
  29 orc wizards
  12 hell rats (Lair:5)
  5 ogre zombies (D:9)
  3 mummies (Crypt:3)
  3 river rats
  12 adders
  14 gnolls
  A shadow imp (D:7)
  2 white imps (D:6)
  An ufetubus (D:5)
  A lava snake skeleton (Crypt:1)
  4 worms
  A dart slug (D:1)
  129 orcs
  13 endoplasms
  5 giant cockroaches
  4 hobgoblins
  12 jackals
  21 kobolds
  7 quokkas
  7 ball pythons
  4 bats
  6 frilled lizards
  8 goblins
  3 goblin skeletons (D:9)
  A hobgoblin skeleton (D:9)
  2 orc skeletons
  19 orc zombies (D:9)
  10 rats
  4 tentacles (Shoals:1)
2158 creatures vanquished.

Vanquished Creatures (collateral kills)
  Jorgrun (D:15)
  A deep elf blademaster (Elf:2)
  A tengu reaver (Vaults:5)
  A fire giant (Vaults:5)
  The ghost of Zajithr Qicli the Warrior, a journeyman HOMo of Beogh (Shoals:1)
  A vault warden (Vaults:5)
  Snorg (Lair:3)
  A two-headed ogre (Orc:1)
  2 dancing weapons (Elf:2)
  The ghost of DasBelly the Destroyer, a journeyman DEFE of Vehumet (Orc:1)
  Nergalle (D:10)
  A goliath frog (shapeshifter) (Vaults:5)
  2 deep elf zephyrmancers
  A manticore (Lair:3)
  2 fauns (Shoals:4)
  A cyclops (Shoals:4)
  A moth of wrath (Orc:1)
  A rust devil (D:15)
  2 elephants (Lair:3)
  A kobold demonologist (D:10)
  A merfolk (Shoals:4)
  2 meliai (D:15)
  A wind drake (Shoals:4)
  A troll (Orc:1)
  A dream sheep (Shoals:4)
  An orc warrior (Orc:1)
  An orc (Elf:1)
32 creatures vanquished.

Vanquished Creatures (others)
  A vault guard (D:13)
  A dancing weapon (Elf:2)
  8 deep elf knights
  2 wizards
  A deep elf zephyrmancer (Elf:1)
  A smoke demon (Hell)
  An orc warrior (Orc:2)
  A boggart (Vaults:1)
  An orc wizard (Elf:1)
  2 orcs (Elf:1)
  A quokka (D:9)
  4 demonic plants (D:15)
  42 fungi
  192 plants
  8 tentacles (Shoals:1)
  18 withered plants
284 creatures vanquished.

Grand Total: 2474 creatures vanquished

Notes
Turn   | Place    | Note
-------+----------+-------------------------------------------
     0 | D:1      | slphil the Merfolk Gladiator began the quest for the Orb.
     0 | D:1      | Reached XP level 1. HP: 16/16 MP: 1/1
    13 | D:1      | Found a faded altar of an unknown god.
    35 | D:1      | Reached XP level 2. HP: 12/22 MP: 2/2
    78 | D:1      | Prayed at the altar of an unknown god.
    78 | D:1      | Became a worshipper of Trog the Wrathful
    78 | D:1      | Reached * piety under Trog
   265 | D:1      | Reached XP level 3. HP: 25/27 MP: 3/3
   301 | D:1      | Reached skill level 5 in Long Blades
   493 | D:1      | Reached ** piety under Trog
   854 | D:2      | Reached XP level 4. HP: 33/33 MP: 4/4
  1225 | D:2      | Found Gemiok's Jewellery Boutique.
  1243 | D:2      | Noticed Jessica
  1253 | D:2      | Killed Jessica
  1254 | D:2      | Reached XP level 5. HP: 32/38 MP: 5/5
  1400 | D:2      | Found a runed translucent door.
  1401 | D:2      | Noticed Crazy Yiuf
  1497 | D:2      | Found a sparkling altar of Nemelex Xobeh.
  1827 | D:3      | Found an opulent altar of Gozag.
  2668 | D:4      | Reached *** piety under Trog
  2717 | D:4      | Noticed a phantom
  2737 | D:4      | Killed a phantom
  2738 | D:4      | Reached XP level 6. HP: 44/44 MP: 6/6
  3537 | D:5      | Entered Level 5 of the Dungeon
  3628 | D:5      | Reached XP level 7. HP: 36/50 MP: 7/7
  3649 | D:5      | Found a staircase to the Ecumenical Temple.
  3686 | D:5      | Noticed Edmund
  3696 | D:5      | Killed Edmund
  3697 | D:5      | Reached skill level 10 in Long Blades
  3911 | D:5      | Reached XP level 8. HP: 35/56 MP: 8/8
  4041 | D:5      | Found a glowing drain.
  4198 | Sewer    | Entered a sewer
  4906 | D:5      | Found a glowing golden altar of the Shining One.
  5244 | D:6      | Reached XP level 9. HP: 49/61 MP: 9/9
  5494 | D:6      | Found Cosixuif's General Store.
  5496 | D:6      | Identified the +2 pair of gloves of Xayji {rPois}
  5594 | D:6      | Bought a +2 triple sword of flaming for 330 gold pieces
  5616 | D:6      | Reached **** piety under Trog
  6040 | D:7      | Noticed Duvessa
  6061 | D:7      | Reached skill level 5 in Dodging
  6080 | D:7      | Killed Duvessa
  6197 | D:7      | Noticed Dowan
  6214 | D:7      | Killed Dowan
  6644 | D:7      | Noticed Pikel
  6654 | D:7      | Killed Pikel
  6655 | D:7      | Reached skill level 5 in Fighting
  6794 | D:7      | Reached XP level 10. HP: 73/74 MP: 10/10
  6804 | D:7      | Reached skill level 5 in Throwing
  7804 | D:8      | Found a blossoming altar of Fedhas.
  7901 | D:8      | Upgraded the game from 0.30-a0-297-g0ec75d9ef4 to
                  | 0.30-a0-304-gdc4b735fe1
  7929 | D:8      | Identified the +9 rapier of Scuffed Duty {spect, rPois
                  | Will++ Str+3 Stlth-}
  8214 | D:8      | Found a glowing silver altar of Zin.
  8513 | D:9      | Found a staircase to the Orcish Mines.
  8797 | D:9      | Found a burning altar of Makhleb.
  8817 | D:9      | Found an ornate altar of the Wu Jian Council.
  9074 | D:9      | Found a radiant altar of Vehumet.
  9121 | D:9      | Reached XP level 11. HP: 83/84 MP: 11/11
  9240 | D:9      | Reached skill level 10 in Dodging
  9258 | D:9      | Reached ***** piety under Trog
  9294 | D:9      | Noticed an oklob plant
  9464 | D:9      | Found a runed translucent door.
  9465 | D:9      | Noticed sscrono2's ghost (novice OpDe)
  9753 | D:9      | Received a gift from Trog
  9893 | D:9      | Found a shimmering altar of Xom.
 10028 | D:9      | Found a white marble altar of Elyvilon.
 10096 | D:9      | Noticed an oklob plant
 10321 | D:10     | Entered Level 10 of the Dungeon
 10322 | D:10     | Noticed Josephine
 10618 | D:10     | Killed Josephine
 10759 | D:10     | Found a hazy altar of Hepliaklqana.
 10760 | D:10     | Found a basalt altar of Yredelemnul.
 10762 | D:10     | Found a shadowy altar of Dithmenos.
 10770 | D:10     | Noticed Nergalle
 10775 | D:10     | Killed Nergalle
 10859 | D:10     | Noticed a soul eater
 10862 | D:10     | Reached skill level 15 in Long Blades
 11178 | D:10     | Reached XP level 12. HP: 84/95 MP: 12/12
 11457 | D:10     | Found a staircase to the Lair.
 11557 | D:10     | Found a broken altar of Ashenzari.
 11558 | D:10     | Found a bloodstained altar of Trog.
 11558 | D:10     | Found a stormy altar of Qazlal.
 11727 | Lair:1   | Entered Level 1 of the Lair of Beasts
 11887 | Lair:1   | Identified the +3 leather armour of the Everdark {Str+2
                  | Stlth+}
 12574 | Lair:2   | Noticed a five-headed hydra
 12842 | D:2      | Bought an amulet of regeneration for 390 gold pieces
 13226 | Lair:2   | Reached skill level 10 in Fighting
 13374 | Lair:2   | Killed a four-headed hydra
 13944 | Lair:3   | Found a staircase to the Snake Pit.
 14120 | Lair:3   | Reached XP level 13. HP: 104/104 MP: 13/13
 14172 | Lair:3   | Reached skill level 10 in Throwing
 14216 | Lair:3   | Noticed Snorg
 14223 | Lair:3   | Killed Snorg
 14268 | Lair:3   | Found a staircase to the Shoals.
 14831 | Lair:4   | Found a runed translucent door.
 14832 | Lair:4   | Found a viscous altar of Jiyva.
 14837 | Lair:4   | Found a staircase to the Slime Pits.
 15292 | Lair:4   | Reached XP level 14. HP: 98/114 MP: 14/14
 15380 | Lair:4   | Received a gift from Trog
 15570 | Lair:5   | Entered Level 5 of the Lair of Beasts
 16560 | Lair:5   | Noticed a dire elephant
 16582 | Lair:5   | Killed a dire elephant
 17761 | D:12     | Received a gift from Trog
 18090 | D:12     | Found a burning altar of Makhleb.
 18383 | D:12     | Reached XP level 15. HP: 120/120 MP: 15/15
 18460 | D:13     | Noticed Azrael
 18475 | D:13     | Killed Azrael
 18574 | D:13     | Reached skill level 1 in Evocations
 18611 | D:13     | Found a gate to the Vaults.
 19291 | D:14     | Noticed Nessos
 19296 | D:14     | Killed Nessos
 19354 | D:14     | Found Dumun's Book Shoppe.
 19772 | D:14     | Reached XP level 16. HP: 129/129 MP: 16/16
 20499 | D:15     | Entered Level 15 of the Dungeon
 20513 | D:15     | Reached ****** piety under Trog
 20527 | D:15     | Found a staircase to the Depths.
 20663 | D:15     | Gained mutation: You do not regenerate when monsters are
                  | visible. [a neqoxec]
 20721 | D:15     | Noticed Jorgrun
 20731 | D:15     | Killed Jorgrun
 20735 | D:15     | Reached skill level 15 in Dodging
 20959 | Lair:4   | Lost mutation: You do not regenerate when monsters are
                  | visible. [potion of mutation]
 20959 | Lair:4   | Gained mutation: Your flesh is cold resistant. (rC+)
                  | [potion of mutation]
 20959 | Lair:4   | Gained mutation: You possess an exceptional clarity of
                  | mind. [potion of mutation]
 21574 | Shoals:1 | Entered Level 1 of the Shoals
 21577 | Shoals:1 | Received a gift from Trog
 21731 | Shoals:1 | Found Jiusucal's Weapon Boutique.
 21838 | Shoals:1 | Found a runed translucent door.
 21845 | Shoals:1 | Noticed Zajithr Qicli's ghost (journeyman HOMo)
 21871 | Shoals:1 | Reached XP level 17. HP: 69/137 MP: 17/17
 22205 | Shoals:1 | Identified the +7 chain mail "Miaz" {rPois rN++ rCorr
                  | Str-4}
 22292 | Shoals:1 | Noticed a kraken
 22309 | Shoals:1 | Killed a kraken
 22383 | Shoals:1 | Noticed a kraken
 22401 | Shoals:1 | Killed a kraken
 22654 | Shoals:2 | Found Lymixzo's Antique Armour Shoppe.
 22664 | Shoals:2 | Bought a pair of heavily runed boots for 332 gold pieces
 22664 | Shoals:2 | Identified the +0 pair of boots "Ygegrupp" {rN+ Will+ Int+3
                  | Stlth+} (You bought it in a shop on level 2 of the Shoals)
 23586 | Shoals:2 | Identified the +6 quick blade "Noddoth" {vorpal, rElec rN+}
                  | (Trog gifted it to you on level 2 of the Shoals)
 23586 | Shoals:2 | Received a gift from Trog
 24184 | Shoals:3 | Noticed Caomyemp's ghost (journeyman DsEE)
 24189 | Shoals:3 | Found a transporter.
 24192 | Shoals:3 | Found a transporter.
 24591 | Shoals:3 | Found Sibron's Book Shoppe.
 24979 | D:2      | Killed Crazy Yiuf
 25131 | D:9      | Killed sscrono2's ghost
 25528 | Shoals:1 | Killed Zajithr Qicli's ghost
 25709 | Orc:1    | Entered Level 1 of the Orcish Mines
 25952 | Orc:1    | Found a transporter.
 25953 | Orc:1    | Found a transporter.
 26091 | Orc:1    | Found Muott's Merry Market.
 26120 | Orc:1    | Bought a wand of mindburst (3) for 54 gold pieces
 26256 | Orc:1    | Noticed DasBelly's ghost (journeyman DEFE)
 26257 | Orc:1    | Identified the +8 glaive of Abuse {freeze, Drain +Blink
                  | Dex+3}
 26352 | Orc:2    | Entered Level 2 of the Orcish Mines
 26432 | Orc:2    | Found Henkiwk's Magic Scroll Shoppe.
 26598 | Orc:2    | Reached skill level 15 in Fighting
 26609 | Orc:2    | Received a gift from Trog
 26985 | Orc:2    | Found a staircase to the Elven Halls.
 27039 | Orc:2    | Found Juedej's Jewellery Shop.
 27039 | Orc:2    | Found Xifut's Antique Armour Shoppe.
 27039 | Orc:2    | Found Wix Pefuxta's Armour Emporium.
 27042 | Orc:2    | Found Piwanili's Jewellery Boutique.
 27300 | Orc:2    | Bought the ring of the Two Names {rPois rF+ Int-5 Dex+7}
                  | for 444 gold pieces
 27499 | D:15     | Reached skill level 1 in Stealth
 27650 | D:15     | Reached XP level 18. HP: 132/149 MP: 18/18
 27859 | Orc:1    | Reached skill level 5 in Stealth
 27859 | Orc:1    | Found a bloodstained altar of Trog.
 27862 | Orc:1    | Killed DasBelly's ghost
 28049 | Shoals:4 | Entered Level 4 of the Shoals
 28348 | Shoals:4 | Received a gift from Trog
 28628 | Shoals:4 | Reached skill level 10 in Stealth
 28861 | Shoals:4 | Got a barnacled rune of Zot
 29254 | Vaults:1 | Entered Level 1 of the Vaults
 29580 | Vaults:1 | Found a transporter.
 29674 | Vaults:1 | Received a gift from Trog
 29730 | Vaults:1 | Found a portal to a secret trove of treasure.
 29912 | Vaults:1 | Identified the amulet "Eqohoin" {Faith Harm}
 29928 | Vaults:1 | Found a transporter.
 29985 | Vaults:1 | You fall into a shaft and drop 1 floor!
 30494 | Vaults:2 | Reached XP level 19. HP: 94/155 MP: 19/19
 30921 | Vaults:1 | Received a gift from Trog
 30953 | Vaults:1 | Noticed Donald
 30968 | Vaults:1 | Killed Donald
 31407 | Vaults:1 | Reached skill level 15 in Throwing
 31435 | Vaults:1 | Identified the +8 great sword of the Other Side {vorpal,
                  | *Noise rPois Will+ Str+2} (Trog gifted it to you on level 1
                  | of the Vaults)
 31435 | Vaults:1 | Received a gift from Trog
 31572 | Vaults:1 | Identified the +3 ring mail of Rotten Joy {rN+}
 32158 | Vaults:2 | Found a staircase to the Crypt.
 32342 | Vaults:2 | Identified the +1 ring mail "Sevussu" {rElec Int+3 Stlth+}
 32856 | Vaults:3 | Received a gift from Trog
 32965 | Vaults:3 | Reached XP level 20. HP: 103/166 MP: 20/20
 34138 | Vaults:4 | Noticed Zenata
 34148 | Vaults:4 | Killed Zenata
 34316 | Vaults:4 | Reached skill level 15 in Stealth
 34755 | Vaults:4 | Noticed Frederick
 34893 | Vaults:4 | Noticed Mara
 34907 | Vaults:4 | Noticed slphil's illusion
 34908 | Vaults:4 | Killed Mara
 34943 | Vaults:4 | Found Ihofe's Jewellery Shop.
 34963 | Vaults:4 | Identified the amulet "Haoserob" {rPois Will+ Regen+ Int-2
                  | Dex+2 Stlth+}
 34998 | Vaults:4 | Reached skill level 1 in Armour
 35181 | Vaults:4 | Received a gift from Trog
 35216 | Vaults:4 | Killed Frederick
 35849 | Snake:1  | Entered Level 1 of the Snake Pit
 35937 | Snake:1  | Identified the ring of the Threshing Madman {rPois rN+
                  | Will+ Dex+6}
 36264 | Snake:1  | Reached skill level 5 in Armour
 36628 | Snake:1  | Noticed Nikola
 36643 | Snake:1  | Killed Nikola
 36733 | Snake:2  | Reached XP level 21. HP: 175/175 MP: 21/21
 36804 | Snake:2  | Noticed Asterion
 36819 | Snake:2  | Killed Asterion
 37127 | Snake:2  | Received a gift from Trog
 38274 | Snake:4  | Entered Level 4 of the Snake Pit
 38368 | Snake:4  | Noticed Aizul
 38371 | Snake:4  | Killed Aizul
 38420 | Snake:4  | Noticed Agnes
 38429 | Snake:4  | Killed Agnes
 38434 | Snake:4  | Noticed Louise
 38451 | Snake:4  | Killed Louise
 38455 | Snake:4  | Received a gift from Trog
 38477 | Snake:4  | Noticed Bai Suzhen
 38492 | Snake:4  | Killed Bai Suzhen
 38650 | Snake:4  | Reached skill level 10 in Armour
 38707 | Snake:4  | Received a gift from Trog
 39172 | Snake:4  | Got a serpentine rune of Zot
 39606 | Depths:1 | Entered Level 1 of the Depths
 39610 | Depths:1 | Found Ifuice's Neck Hole.
 39631 | Depths:1 | Identified the +10 hand axe of Devotion {drain, rElec rF+
                  | Will+ Stlth-}
 39650 | Depths:1 | Reached XP level 22. HP: 158/183 MP: 22/22
 39666 | Depths:1 | Received a gift from Trog
 39759 | Depths:1 | Identified the +0 leather armour "Vivoy" {Rampage Str+3
                  | Dex+2}
 40011 | Depths:1 | Found a gateway to Hell.
 40345 | Depths:1 | Found a one-way gate leading to the halls of Pandemonium.
 40881 | Depths:2 | You fall into a shaft and drop 1 floor!
 40997 | Depths:3 | Found a one-way gateway to a ziggurat.
 41140 | Depths:3 | Identified the +1 plate armour of Ru, Witching {Will+
                  | Dex+2}
 41184 | Depths:3 | Noticed a shard shrike
 41186 | Depths:3 | Found a one-way gate to the infinite horrors of the Abyss.
 41187 | Depths:3 | Noticed a shard shrike
 41187 | Depths:3 | Found the +8 frozen axe "Frostbite" {freezing cloud, *Noise
                  | Fly rC+}
 41300 | Depths:3 | Received a gift from Trog
 41300 | Depths:3 | Noticed a shard shrike
 41317 | Depths:3 | Killed a shard shrike
 41320 | Depths:3 | Killed a shard shrike
 41349 | Depths:3 | Killed a shard shrike
 41840 | Depths:4 | Entered Level 4 of the Depths
 41920 | Depths:4 | Noticed Xtahua
 41933 | Depths:4 | Killed Xtahua
 42032 | Depths:4 | Reached skill level 10 in Evocations
 42110 | Depths:4 | Found a gate to the Realm of Zot.
 42242 | Depths:4 | Reached XP level 23. HP: 192/192 MP: 23/23
 42392 | Depths:4 | Noticed the Enchantress
 42414 | Depths:4 | Killed the Enchantress
 42486 | Depths:4 | Received a gift from Trog
 42825 | Depths:4 | Noticed a golden dragon
 42828 | Depths:4 | Killed a golden dragon
 42886 | Depths:4 | Identified the +1 pair of boots "Zuthrug" {rF+ rCorr}
 43295 | Elf:1    | Entered Level 1 of the Elven Halls
 43396 | Elf:1    | Found a runed translucent gate.
 43396 | Elf:1    | Found a runed translucent gate.
 43396 | Elf:1    | Found a runed translucent gate.
 43396 | Elf:1    | Found a runed translucent gate.
 43396 | Elf:1    | Found a runed translucent gate.
 43397 | Elf:1    | Found a runed translucent gate.
 43533 | Elf:1    | Found Udifovyu's Antique Armour Emporium.
 43535 | Elf:1    | Bought the -2 hat of the Alchemist {rElec rPois rF+ rC+ rN+
                  | Will+ rMut rCorr} for 1510 gold pieces
 43535 | Elf:1    | Found the -2 hat of the Alchemist {rElec rPois rF+ rC+ rN+
                  | Will+ rMut rCorr}
 43535 | Elf:1    | Bought a heavily runed cloak for 304 gold pieces
 43535 | Elf:1    | Identified the +5 cloak of the Bells {rC- Int+3} (You
                  | bought it in a shop on level 1 of the Elven Halls)
 43604 | Elf:1    | Found Ynuint's Armour Shoppe.
 43877 | Elf:1    | Found a shimmering blue altar of Sif Muna.
 43960 | Elf:1    | Found Bakipl Ubeut's Antique Armour Shop.
 44082 | Elf:1    | Found Imuliud's Book Shop.
 44350 | Elf:2    | Paralysed by an air elemental for 1 turns
 44445 | Elf:2    | Received a gift from Trog
 44549 | Elf:2    | Found Gyroqob's Book Shoppe.
 44556 | Elf:2    | Found Buxe's Antique Armour Emporium.
 44626 | Elf:2    | Found a huge runed translucent gate.
 44626 | Elf:2    | Found a huge runed translucent gate.
 44626 | Elf:2    | Found a huge runed translucent gate.
 44626 | Elf:2    | Found a huge runed translucent gate.
 44626 | Elf:2    | Found a huge runed translucent gate.
 44837 | Elf:3    | Entered Level 3 of the Elven Halls
 45173 | Elf:3    | Received a gift from Trog
 45304 | Elf:3    | Identified the +2 leather armour "Xomiruor" {Will+ Int-3
                  | Dex+2 Stlth+}
 45305 | Elf:3    | Identified the +1 flail of Huilell {flame, Int+2}
 45310 | Elf:3    | Identified the +2 pair of boots "Damnable Contraption"
                  | {+Inv rPois Dex-4 Stlth+}
 45327 | Elf:3    | Identified the ring of the Raven {+Blink Will+ Str+4 Dex+6}
 45332 | Elf:3    | Identified the ring "Tiuteg" {rF+ Int+6 Stlth+}
 45333 | Elf:3    | Identified the amulet "Qigacw" {Reflect rElec Str+6 Int+2
                  | SH+5}
 45345 | Elf:3    | Identified the +3 storm dragon scales "Mihus" {rElec rF++
                  | rCorr Str+4 Dex-5}
 45445 | Elf:3    | Identified the +4 rapier of Intuition {vorpal, rC+ Stlth+}
 45465 | Elf:3    | Identified the +5 longbow "Urrorhu" {drain, Drain rPois
                  | MP+9 Dex+2}
 45977 | Elf:2    | Reached XP level 24. HP: 138/201 MP: 23/23
 46248 | Elf:3    | Received a gift from Trog
 46873 | Vaults:5 | Entered Level 5 of the Vaults
 47175 | Vaults:5 | Identified the +5 leather armour of Melancholy {rPois Will-
                  | Int+6}
 47298 | Vaults:5 | Identified the +11 flail of Parts Unknown {flame, Str+3
                  | Dex+4 Stlth+}
 47825 | Vaults:5 | Received a gift from Trog
 48369 | Vaults:5 | Found Nokhuczo's Antique Armour Emporium.
 48369 | Vaults:5 | Found Adyapreo's Jewellery Shop.
 48761 | Vaults:5 | Identified a scroll of acquirement
 48784 | Vaults:5 | Acquired 905 gold pieces
 48817 | Vaults:5 | Got a silver rune of Zot
 49324 | Vaults:5 | Received a gift from Trog
 49913 | Vaults:5 | Found Xomudd's Distillery.
 49919 | Vaults:5 | Bought 2 potions of heal wounds for 240 gold pieces
 49919 | Vaults:5 | Bought a potion of heal wounds for 120 gold pieces
 49921 | Vaults:5 | Found Efijad's Antique Weapon Shoppe.
 50085 | Vaults:5 | Bought a distressingly furry cloak for 380 gold pieces
 50085 | Vaults:5 | Identified the +1 cloak of the Blue Skies {rCorr} (You
                  | bought it in a shop on level 5 of the Vaults)
 50181 | Crypt:1  | Entered Level 1 of the Crypt
 50359 | Crypt:1  | Reached XP level 25. HP: 136/210 MP: 23/23
 50896 | Crypt:1  | Received a gift from Trog
 51098 | Crypt:2  | Noticed Margery
 51150 | Crypt:2  | Killed Margery
 51238 | Crypt:2  | Found a runed translucent door.
 51268 | Crypt:2  | Noticed Uroast's ghost (veteran MiGl)
 52104 | Crypt:2  | Killed Uroast's ghost
 52199 | Crypt:3  | Entered Level 3 of the Crypt
 52480 | Crypt:3  | Noticed Sojobo
 52501 | Crypt:3  | Killed Sojobo
 52880 | Crypt:3  | Identified the ring "Zocut" {Str+4 Int+6}
 52881 | Crypt:3  | Found the +3 greatsling "Punk" {acid, rCorr}
 52884 | Crypt:3  | Noticed a dread lich
 52905 | Crypt:3  | Killed a dread lich
 52929 | Crypt:3  | Identified the ring of Moodiness {rElec Str+3 Int+6 Dex+3}
 52991 | Crypt:3  | Received a gift from Trog
 53164 | Crypt:3  | Found an ancient bone altar of Kikubaaqudgha.
 53579 | Crypt:3  | Found a staircase to the Tomb.
 54024 | Crypt:3  | Received a gift from Trog
 54527 | Hell     | Entered the Vestibule of Hell
 54527 | Hell     | Noticed Geryon
 54591 | Hell     | Killed Geryon
 55612 | Hell     | Received a gift from Trog
 55936 | Hell     | Found a gateway to the decaying netherworld of Tartarus.
 56136 | Hell     | Found a gateway to the ashen valley of Gehenna.
 56155 | Hell     | Reached XP level 26. HP: 185/220 MP: 23/23
 56337 | Hell     | Found a gateway to the Iron City of Dis.
 56730 | Hell     | Found a gateway to the freezing wastes of Cocytus.
 57099 | Slime:1  | Entered Level 1 of the Pits of Slime
 57320 | Slime:4  | Received a gift from Trog
 57348 | Slime:5  | Entered Level 5 of the Pits of Slime
 57607 | Slime:5  | Noticed the Royal Jelly
 57977 | Slime:4  | HP: 9/220 [acid (4)]
 59140 | Slime:5  | Killed the Royal Jelly
 59465 | Slime:3  | HP: 1/220 [rockslime[the Royal Jelly] (30)]
 59479 | Slime:3  | Killed from afar by an acid blob

Illustrated notes

Levels and vault maps discovered:
D:1:      dpeg_arrival_subterranean_lakeside_camping, layout_basic,
          dreamdust_ecumenical_altar_statues
D:2:      layout_rooms, basic_altar, serial_shops, shop, minivault_11,
          serial_bayou_pond_c, minmay_between, uniq_crazy_yiuf_cottage,
          uniq_jessica
D:3:      layout_basic, lemuel_doored_altar, skrybe_limestone_x
D:4:      layout_loops_cross, corexii_shack
D:5:      layout_rooms, nicolae_tso_carved_into_rock, minmay_temple_entry_ruins,
          gup_sewer_entry_spiral, uniq_edmund
D:6:      layout_loops_ring, serial_shops, shop, minmay_misc_feat_hallway
D:7:      layout_gridville, uniq_pikel, uniq_duvessa
D:8:      layout_gridville, fedhas_bush_and_centaur_altar,
          overflow_temple_1_default
D:9:      layout_roguey [special_room_orc], xom_butterflies,
          lemuel_coloured_pillars_altar, elyvilon_altar_4,
          mainiacjoe_overflow_swirl, zombieorc2_lemuel, gammafunk_ghost_grave,
          disabler_island
D:10:     layout_rooms, grunt_temple_overflow_open,
          grunt_lair_entry_orc_guard_hut, uniq_nergalle, uniq_josephine
D:11:     layout_basic, serial_glass, glass_columns_b, glass_columns_b,
          minivault_16
D:12:     layout_loops_corners, makhleb_altar_promises_db
D:13:     layout_loops_ring, david_vaults_5, uniq_azrael
D:14:     layout_layer_cave, hangedman_abyss_or_decor_lesser_grid, serial_shops,
          nicolae_inconvenience_store, bh_walls_and_bars, uniq_nessos
D:15:     hangedman_depths_entry_civil_slaughter, layout_cave_pools,
          serial_demonic, serial_demonic_e, serial_demonic_f, serial_demonic_c,
          serial_demonic_b, serial_demonic_c, serial_demonic_e,
          serial_demonic_f, serial_demonic_e, minmay_misc_feat_room,
          uniq_jorgrun
Lair:1:   layout_chaotic_city, serial_bayou_pond_a, lemuel_fruit_tree
Lair:2:   layout_regular_city, chequers_serial_rivers_micro_a
Lair:3:   layout_concentric_octagons, minmay_shoals_entry_beasts,
          guppyfry_snake_entry_garden, chequers_serial_rivers_room_b,
          chequers_serial_rivers_room_b, chequers_serial_rivers_large_a,
          uniq_snorg
Lair:4:   layout_regular_city, slime_entry_2, serial_bayou_shore_b
Lair:5:   grunt_lair_end_beastmaster, layout_cellular_growth,
          columned_hall_lemuel, fungi_pond_lemuel
Shoals:1: layout_shoals, ebering_ghost_inner_flame, serial_shops,
          nicolae_shop_behind_doors, nicolae_shoals_circle_sea_wall,
          nicolae_shoals_kraken_intersection
Shoals:2: cheibrodos_shoals_oceanic_diplomacy, layout_shoals, serial_shops, shop
Shoals:3: layout_shoals, serial_shops, shop, ebering_ghost_davey_jones
Shoals:4: shoals_end_grunt_garden, layout_shoals
Snake:1:  layout_concentric_octagons, uniq_nikola
Snake:2:  layout_concentric_octagons, nicolae_elevator_lobby_plus, uniq_asterion
Snake:3:  layout_grid_shapes, nicolae_integral_box, serial_bayou_shore_a
Snake:4:  grunt_snake_rune_spirals, layout_onion_interference, uniq_aizul,
          uniq_bai_suzhen, uniq_louise, uniq_agnes
Slime:1:  layout_caves
Slime:2:  layout_caves, special_room [special_room_jelly],
          nicolae_slime_phagocytosis
Slime:3:  layout_caves, cheibrodos_slime_lost_civilization_4
Slime:4:  layout_caves
Slime:5
Orc:1:    layout_caves, gammafunk_ghost_wrathful_warriors,
          nicolae_alphabet_shops
Orc:2:    st_orc_rangers, layout_diamond_mine, serial_shops,
          nicolae_shop_behind_doors, hellmonk_bongcloud_opening
Elf:1:    layout_geoelf_diagonals, basic_altar, serial_shops, shop,
          nicolae_shop_hallway_stairs, nicolae_lakefront_shop, shop,
          hangedman_elf_disciples, orc_legates
Elf:2:    elven_hall_of_blades_hangedman_alternative
          [nicolae_blade_entry_sentries_behind_glass], layout_geoelf_grid,
          minmay_shoptagon
Elf:3:    minmay_elf_hall_furrowed, layout_loops_cross, grunt_megastairs_3
Vaults:1: v_misc_19, gammafunk_the_bubble [the_bubble_gammafunk_split],
          v_misc_26, ontoclasm_vaults_idyll, nicolae_vaults_little_squares_4,
          ontoclasm_vaults_spin, grunt_vaults_twisty,
          vaults_room_grunt_arrival_ludios, vaults_dpeg_spiral,
          hangedman_vaults_corner, vaults_room_grunt_arrival_checkpoint,
          ontoclasm_vaults_loading_screen, layout_vaults_maze,
          nicolae_trove_entry_free_sample, uniq_donald
Vaults:2: v_misc_3, vaults_room_octagon, minmay_crypt_entry_simple_plaza,
          vaults_room_grid, dpeg_vaults_monster_row, ontoclasm_vaults_eye,
          nicolae_vaults_little_squares_4, nicolae_vaults_murderbox,
          nicolae_vaults_network_s, vaults_dpeg_ring, layout_vaults_omnigrid
Vaults:3: ontoclasm_vaults_ring_square, hangedman_vaults_slice,
          vaults_room_large_hall, nicolae_vaults_border_crossing,
          vaults_mumra_chevron, nicolae_vaults_back_hallway, vaults_dpeg_hooks,
          v_pattern_5, v_misc_5, v_misc_27, nicolae_vaults_angled_halls,
          st_more_cells, grunt_vaults_funnel, ontoclasm_vaults_pinch,
          layout_vaults_ring
Vaults:4: hangedman_vaults_nails, st_octagons_2, nicolae_vaults_specimen_jars,
          nicolae_vaults_asterisk, hangedman_vaults_corner_blocks, v_misc_9,
          vaults_mumra_hexcomb, nicolae_vaults_network_quinsquares
          [nicolae_vaults_network_quincunx_subvault,
          nicolae_vaults_network_quincunx_subvault,
          nicolae_vaults_network_quincunx_subvault,
          nicolae_vaults_network_quincunx_subvault], nicolae_vaults_what_the_h,
          v_misc_17, v_misc_28, vaults_dpeg_diagonal,
          ontoclasm_vaults_loading_screen, layout_vaults_omnibox, serial_shops,
          nicolae_diamond_shop, uniq_zenata, uniq_frederick, uniq_mara
Vaults:5
Crypt:1:  layout_misc_corridors, minmay_misc_feat_rows
Crypt:2:  layout_catacombs, hellmonk_ghost_big_iron, minivault_25, uniq_margery,
          uniq_josephina
Crypt:3:  evilmike_haunted_forest, uniq_sojobo
Depths:1: layout_small_grid, serial_sigils, serial_sigils_hangedman_etch,
          serial_sigils_hangedman_snap, serial_sigils_hangedman_scar,
          serial_sigils_hangedman_leer, rand_demon_pan_entry_9, hell_entry,
          minivault_16, nicolae_shop_sticking_my_neck_out
Depths:2: nzn_winding_woodlands_small [nzn_winding_woodlands_5x15_jagged,
          nzn_winding_woodlands_center_pierced_h,
          nzn_winding_woodlands_5x15_eye], layout_cave_shapes,
          hangedman_coc_ice_floe, nrook_pool_corridor, pan_entry, abyss_entry,
          serial_bayou_shore_b
Depths:3: minmay_coctagon, layout_cave_shapes, enter_ziggurat_c,
          pf_hell_entry_great_geh, pan_entry, abyss_entry,
          kennysheep_pointless_box, wad_floor_pattern_1,
          small_chamber_with_monster, infiniplex_staircase_zigzag_2
Depths:4: grunt_zot_entry_funnels, layout_basic, hell_entry,
          marbit_kobold_abyss_entry, chequers_serial_rivers_small_a,
          kennysheep_four_rooms, uniq_enchantress, uniq_xtahua
Hell

Skill      XL: |  1  2  3  4  5  6  7  8  9 10 11 12 13 14 15 16 17 18 19 20 21 22 23 24 25 26 |
---------------+-------------------------------------------------------------------------------+-----
Long Blades    | 4 5 6 8 9 11 13 14 15 16 18 21 22 23 24 | 24.8
Fighting       | 5 7 9 10 11 12 13 15 16 17 18 19 20 | 20.6
Throwing       | 4 7 8 9 10 11 12 14 15 16 17 18 19 | 19.2
Dodging        | 7 9 11 12 14 15 18 19 20 21 22 23 24 | 24.3
Evocations     | 6 8 10 11 12 13 | 13.5
Stealth        | 4 12 14 15 16 18 19 | 19.7
Armour         | 5 10 12 | 12.4

Action                   |  1- 3 |  4- 6 |  7- 9 | 10-12 | 13-15 | 16-18 | 19-21 | 22-24 | 25-27 || total
-------------------------+-------+-------+-------+-------+-------+-------+-------+-------+-------++-------
Melee: Long sword        |    97 |   189 |   244 |    16 |       |       |       |       |       ||   546
       Punch             |       |     2 |     9 |       |       |       |       |       |       ||    11
       Triple sword      |       |       |    57 |   566 |   628 |  1213 |  1336 |  1309 |  1027 ||  6136
       Rapier            |       |       |       |    27 |       |       |       |       |       ||    27
       Tailslap          |       |       |       |       |     1 |    48 |       |     1 |     1 ||    51
Throw: Javelin           |       |     1 |     2 |     1 |     4 |       |       |       |    16 ||    24
       Boomerang         |       |       |    10 |    12 |    16 |    93 |     2 |    21 |    14 ||   168
       Throwing net      |       |       |     4 |       |       |       |       |       |       ||     4
       Dart              |       |       |       |    10 |       |       |       |       |       ||    10
Invok: Trog's Hand       |       |     2 |     3 |     2 |     1 |     5 |     6 |     5 |     1 ||    25
       Berserk           |       |     3 |     6 |     6 |     2 |     6 |    12 |     5 |     3 ||    43
       Brothers in Arms  |       |       |     1 |     3 |     1 |     4 |     2 |       |     1 ||    12
Evoke: Wand              |       |       |       |     1 |     5 |     2 |     4 |     2 |     2 ||    16
       Condenser vane    |       |       |       |       |       |       |     3 |     5 |     1 ||     9
       Lightning rod     |       |       |       |       |       |       |       |       |     4 ||     4
  Use: Scroll            |       |     4 |     7 |    10 |    14 |    11 |     5 |    15 |     5 ||    71
       Potion            |       |       |       |       |     1 |     2 |     3 |     7 |     9 ||    22
 Stab: Sleeping          |     1 |     2 |       |     1 |     1 |     3 |    63 |    34 |    21 ||   126
       Distracted        |       |       |       |     1 |       |     8 |     7 |    17 |     7 ||    40
       Fleeing           |       |       |       |       |       |       |     1 |       |       ||     1
Armor: Leather armour    |    25 |    31 |       |       |       |       |       |       |       ||    56
       Scale mail        |       |     6 |    81 |   184 |       |       |       |       |       ||   271
       Troll leather arm |       |       |       |    41 |   139 |   189 |   134 |   110 |       ||   613
       Storm dragon scal |       |       |       |       |       |       |       |    97 |   324 ||   421
Dodge: Dodged            |    63 |   108 |   146 |   520 |   698 |  1397 |  1424 |  1560 |  1496 ||  7412
Block: Other             |       |       |       |       |       |       |       |   102 |   253 ||   355
       Reflection        |       |       |       |       |       |       |       |     4 |     1 ||     5

Table legend: (Time is in decaauts)
 A = Elapsed time spent in this place.
 B = Non-inter-level travel time spent in this place.
 C = Inter-level travel time spent in this place.
 D = Time resting spent in this place.
 E = Time spent auto-exploring this place.
 F = Levels seen in this place.
 G = Mean time per level.
                   A        B        C        D        E       F      G
               +--------+--------+--------+--------+--------+-----+--------+
         Total |  57398 |  50552 |   6846 |   7847 |  29108 |  52 | 1103.8 |
       Dungeon |  17624 |  14929 |   2695 |   2069 |   9504 |  15 | 1174.9 |
          Lair |   6282 |   4672 |   1610 |    229 |   3128 |   5 | 1256.4 |
        Shoals |   3669 |   3273 |    396 |    413 |   1843 |   4 |  917.2 |
     Snake Pit |   3590 |   3249 |    341 |    273 |   1922 |   4 |  897.5 |
    Slime Pits |   1776 |   1755 |     21 |   1391 |      2 |   5 |  355.2 |
  Orcish Mines |   1655 |   1423 |    232 |     50 |    672 |   2 |  827.5 |
   Elven Halls |   3245 |   2987 |    258 |    138 |   1955 |   3 | 1081.7 |
        Vaults |   9551 |   8799 |    752 |   1555 |   4777 |   5 | 1910.2 |
         Crypt |   4054 |   3915 |    139 |    339 |   2523 |   3 | 1351.3 |
        Depths |   4288 |   3910 |    378 |    942 |   2025 |   4 | 1072.0 |
          Hell |   1386 |   1366 |     20 |    444 |    594 |   1 | 1386.0 |
         Sewer |    272 |    272 |      0 |      0 |    160 |   1 |  272.0 |
               +--------+--------+--------+--------+--------+-----+--------+

Top non-repeatable levels by time:
     D:9: 2861 daAuts
Vaults:5: 2758 daAuts
 Crypt:3: 2073 daAuts
Depths:1: 1857 daAuts
Vaults:2: 1806 daAuts
Vaults:4: 1751 daAuts
Vaults:3: 1735 daAuts
Vaults:1: 1500 daAuts
     D:7: 1464 daAuts
    D:14: 1452 daAuts
  Lair:4: 1391 daAuts
    Hell: 1386 daAuts
  Lair:5: 1369 daAuts
  Lair:1: 1339 daAuts
    D:13: 1265 daAuts
